 Dungeon Crawl Stone Soup version 0.21.1-1-g345015f (console) character file.

53 tminei the Covered (level 3, -12/24 HPs)
             Began as a Gargoyle Fighter on July 14, 2018.
             Blown up by Ijyb (20 damage)
             ... with a wand of disintegration (7)
             ... on level 2 of the Dungeon on July 16, 2018.
             The game lasted 00:08:39 (1422 turns).

tminei the Covered (Gargoyle Fighter)               Turns: 1422, Time: 00:08:40

Health: -12/24     AC: 10    Str: 20    XL:     3   Next: 89%
Magic:  3/3        EV:  7    Int:  8    God:
Gold:   80         SH:  9    Dex:  9    Spells: 2/2 levels left

rFire    . . .     SeeInvis .   a - +0 trident
rCold    . . .     Gourm    .   c - +0 shield
rNeg     + . .     Faith    .   b - +0 scale mail
rPois    ∞         Spirit   .   (no helmet)
rElec    +         Reflect  .   (no cloak)
rCorr    .         Harm     .   (no gloves)
MR       .....                  (no boots)
Stlth    ..........             (no amulet)
HPRegen  0.08/turn              (no ring)
MPRegen  0.08/turn              (no ring)

@: no status effects
A: negative energy resistance 1, electricity resistance, unbreathing,
petrification resistance, rot immunity, AC +3
a: no special abilities


You were on level 2 of the Dungeon.
You were not hungry.

You visited 1 branch of the dungeon, and saw 3 of its levels.

You collected 80 gold pieces.

Inventory:

Hand Weapons
 a - a +0 trident (weapon)
Armour
 b - a +0 scale mail (worn)
 c - a +0 shield (worn)
Scrolls
 e - a scroll of fear
 g - a scroll of identify
Potions
 d - a potion of might
 h - a potion of mutation {unknown}
Comestibles
 f - 2 rations
 i - a chunk of flesh


   Skills:
 + Level 3.8 Fighting
 + Level 2.3 Polearms
 + Level 3.9 Armour
 + Level 0.2 Dodging
 + Level 3.6 Shields


You had 2 spell levels left.
You didn't know any spells.

Dungeon Overview and Level Annotations

Branches:
Dungeon (3/15)

Altars:

Annotations:
D:1 beem
D:2 Ijyb
D:3 Robin


Innate Abilities, Weirdness & Mutations

You are resistant to torment.
Your stone body is resilient. (AC +3)
You are immune to poison.
You resist negative energy. (rN+)
You are resistant to electric shocks. (rElec)
You can survive without breathing.
You are immune to petrification.
You are immune to rotting.


Message History

You are too injured to fight recklessly!
The goblin hits you with a dagger. The goblin hits you.
You block the goblin's attack. You block Ijyb's attack.
You climb upwards.
There is a stone staircase leading down here.
You take 5 damage, and have 9/24 hp.
MASSIVE DAMAGE!!
You hit the goblin.
The goblin is heavily wounded.
You block the goblin's attack. The goblin hits you but does no damage.
You block the goblin's attack. The goblin hits you but does no damage.
Ijyb hits you but does no damage. You block the goblin's attack.
Your scale mail prevents you from hitting the goblin.
The goblin is moderately wounded.
The goblin hits you with a dagger. The goblin hits you but does no damage.
You block the goblin's attack.
Ijyb zaps a wand.
You are blasted!
Ouch! That really hurt!
You die...

###############
......ggg......
......g@#######
#######g# #.#
.######.#
....)...########.#
........÷..<.....#
.........###.#####
.......... ...
..........# .###
..........# .#
..........# .#


You could see Ijyb and 4 goblins.

Vanquished Creatures
  An ooze (D:1)
  2 dart slugs (D:1)
  4 bats (D:1)
  4 giant cockroaches (D:1)
  4 goblins
  13 hobgoblins
  2 jackals (D:1)
  4 kobolds (D:1)
  A quokka (D:2)
  A frilled lizard (D:1)
  2 rats (D:1)
38 creatures vanquished.

Notes
Turn   | Place    | Note
-------+----------+-------------------------------------------
     0 | D:1      | tminei the Gargoyle Fighter began the quest for the Orb.
     0 | D:1      | Reached XP level 1. HP: 14/14 MP: 1/1
     0 | D:1      | tminei: Beem
     0 | D:1      | tminei: !beem
     0 | D:1      | beem: I'm a bot that sends commands to the DCSS IRC knowledge bots. For details, see https://github.com/gammafunk/beem/blob/master/docs/commands.md and to have me watch your games on this server, type: !subscribe
   230 | D:1      | Reached XP level 2. HP: 19/19 MP: 2/2
   758 | D:1      | tminei: !isonline @people
   758 | D:1      | beem: 5 minutes, 58 seconds since last activity (@people)
   758 | D:1      | tminei: @people
   758 | D:1      | tminei: ??help
   758 | D:1      | beem: help[1/5]: !help (I need somebody) !help (not just anybody) Try https://github.com/crawl/sequell/blob/master/docs/listgame.md or https://github.com/crawl/sequell/blob/master/docs/learndb.md
   759 | D:1      | tminei: !stalk people
   759 | D:1      | beem: iamserjio the L7 MfMo^Qaz in Sewer (cxc tiles), 0:12:06, T:4342, defenses: 7/16/4, stats: 14/9/16
   759 | D:1      | tminei: !lg people
   759 | D:1      | beem: 19090. KristoblXynda the Ruffian (L4 TrWz), slain by Grinder on D:2 on 2018-07-15 18:01:01, with 254 points after 1972 turns and 0:07:30.
   759 | D:1      | tminei: !lg people
   759 | D:1      | beem: 19090. KristoblXynda the Ruffian (L4 TrWz), slain by Grinder on D:2 on 2018-07-15 18:01:01, with 254 points after 1972 turns and 0:07:30.
   759 | D:1      | tminei: !lg people dsmo
   759 | D:1      | beem: 814. casual the Skirmisher (L6 DsMo), blasted by Edmund the steam dragon (ball of steam) on D:4 on 2018-07-08 13:57:04, with 359 points after 4951 turns and 0:08:50.
   759 | D:1      | tminei: !lg people s=good
   759 | D:1      | beem: Unknown field: good
   759 | D:1      | tminei: !lg people s=god
   759 | D:1      | beem: 19090 games for people: 11347x, 1451x Trog, 1440x Cheibriados, 845x Okawaru, 560x Makhleb, 465x Vehumet, 397x Gozag, 366x Ashenzari, 362x Xom, 330x Lugonu, 234x Dithmenos, 153x Qazlal, 142x Hepliaklqana, 126x Sif Muna, 121x Ru, 117x Yredelemnul, 113x Kikubaaqudgha, 97x Uskayaw, 89x Nemelex Xobeh, 58x Elyvilon, 57x Wu Jian, 53x Zin, 50x Beogh, 46x The Shining One, 43x Fedhas, 22x Jiyva, 5x Pakella...
   759 | D:1      | tminei: ??
   759 | D:1      | tminei: /help
   759 | D:1      | tminei: ?help
   759 | D:1      | tminei: &?help
   759 | D:1      | tminei: ??help
   759 | D:1      | beem: help[1/5]: !help (I need somebody) !help (not just anybody) Try https://github.com/crawl/sequell/blob/master/docs/listgame.md or https://github.com/crawl/sequell/blob/master/docs/learndb.md
   766 | D:1      | Reached XP level 3. HP: 23/24 MP: 3/3
  1386 | D:3      | Noticed Robin
  1415 | D:3      | Noticed Ijyb
  1422 | D:2      | Blown up by Ijyb

Skill      XL: |  1  2 |
---------------+-------+-----
Polearms       | 2 |  2.3
Fighting       | |  3.8
Armour         | |  3.9
Dodging        | |  0.2
Shields        | |  3.6

Action                   || total
-------------------------++-------
Melee: Trident           ||   167
  Use: Scroll            ||     2
  Eat: Chunk             ||     2
Armor: Scale mail        ||   103
Dodge: Dodged            ||    68
Block: Shield            ||   105
